 Dungeon Crawl Stone Soup version 0.31-a0-1074-g0b22e4e0f1 (webtiles) character file.

Game seed: 13657147789819367208

84 olourkin the Chopper (level 4, 0/37 HPs)
             Began as a Hill Orc Reaver on Dec 2, 2023.
             Succumbed to a scorpion's poison
             ... on level 3 of the Dungeon.
             The game lasted 00:05:37 (1698 turns).

olourkin the Chopper (Hill Orc Reaver)              Turns: 1698, Time: 00:05:38

Health: 0/37       AC:  6    Str: 14 (16) XL:     4   Next: 45%
Magic:  6/6        EV:  9    Int: 10 (13) God:
Gold:   128        SH:  0    Dex:  7 (9)  Spells: 3/6 levels left

rFire   . . .        a - +0 hand axe
rCold   . . .        (no shield)
rNeg    . . .        s - +0 scale mail
rPois   +            (no helmet)
rElec   .            (no cloak)
rCorr   .            (no gloves)
SInv    .            (no boots)
Will    .....        (no amulet) Stlth
                     h - ring of poison resistance
HPRegen 0.26/turn    (no ring)
MPRegen 0.10/turn

%: no passive effects
@: brilliant, lethally poisoned (0 -> -5)
A: no striking features
a: no special abilities


You were on level 3 of the Dungeon.
You visited 1 branch of the dungeon, and saw 3 of its levels.

You collected 128 gold pieces.

Inventory:

Hand Weapons
 a - a +0 hand axe (weapon)
Missiles
 o - 11 stones (quivered)
Armour
 b - a +0 leather armour
 g - an orb of mayhem
 s - a +0 scale mail (worn)
Jewellery
 h - a ring of poison resistance (left hand)
Wands
 p - a wand of charming (3)
Scrolls
 c - a scroll of noise {unknown}
 d - a scroll of fog {unknown}
 e - a scroll of fear {unknown}
 f - a scroll of immolation {unknown}
 k - a scroll of blinking {unknown}
 m - 3 scrolls of identify {unknown}
 q - a scroll of enchant weapon {unknown}
Potions
 i - a potion of heal wounds {unknown}
 j - a potion of resistance {unknown}
 n - a potion of invisibility {unknown}


   Skills:
 - Level 2.6 Fighting
 * Level 5.6 Axes
 - Level 1.7 Dodging
 - Level 1.7 Spellcasting
 - Level 3.2 Conjurations
 + Level 1.2 Translocations


You had 3 spell levels left.
You knew the following spells:

 Your Spells              Type           Power      Damage    Failure   Level
b - Blink                 Tloc           8%         N/A       80%         2
y - Kiss of Death         Conj/Necr      24%        2d7       58%         1

Your spell library contained the following spells:

 Spells                   Type           Power      Damage    Failure   Level
 Momentum Strike          Conj/Tloc      14%        3d8       65%         2
 Lesser Beckoning         Tloc           8%         N/A       80%         2
 Hailstorm                Conj/Ice       6%         3d4       92%         3
 Ignite Poison            Fire/Tmut/Pois 1%         N/A       99%         3
 Sticky Flame             Conj/Fire      6%         2d3       100%        4
 Ignition                 Fire           0%         3d3       100%        8


Dungeon Overview and Level Annotations

Branches:
Dungeon (3/15)

Altars:
Fedhas
Okawaru

Shops:
D:1 :


Message History

The scorpion is heavily wounded.
The scorpion stings you.
The scorpion stings you but does no damage.
You closely miss the scorpion.
The scorpion is heavily wounded.
The scorpion stings you.
You hit the scorpion but do no damage.
The scorpion is heavily wounded.
The scorpion closely misses you.
You hit the scorpion but do no damage.
The scorpion is heavily wounded.
The scorpion stings you but does no damage.
You hit the scorpion but do no damage.
The scorpion is heavily wounded.
The scorpion barely misses you.
You barely miss the scorpion.
The scorpion is heavily wounded.
The scorpion stings you.
* * * LOW HITPOINT WARNING * * *
You are poisoned.
The scorpion poisons you! The scorpion stings you.
* * * LOW HITPOINT WARNING * * *
You hit the scorpion.
The scorpion is severely wounded.
You feel very sick. The scorpion stings you.
* * * LOW HITPOINT WARNING * * *
You closely miss the scorpion.
The scorpion is severely wounded.
* * * LOW HITPOINT WARNING * * *
You feel sick. The scorpion barely misses you.
It was a potion of brilliance.
You feel clever all of a sudden.
* * * LOW HITPOINT WARNING * * *
You feel sick. The scorpion stings you.
* * * LOW HITPOINT WARNING * * *
It was a potion of degeneration.
There was something very wrong with that liquid.
You feel weakened.
You feel dopey.
You feel clumsy.
You die...

#.......# ..#
######..#### .s#
#####.†..### ..#
#...........#
#.#
#.#######...#
#####.# #...#
#.s.#.## ##..#
#.#....#
#..####.###..#
#..#.@s......#
#..#.##.####.#
########..#.##.#
#.####
..........#.##.#
#....##
########.......#
#..~~.#
###..##.#
#..~~.# #..##.#
#~~_~~#
#..##.####.~...#
#..##......~..~#


You could see a scorpion.

Vanquished Creatures
  3 adders
  An orc (D:3)
  2 endoplasms (D:1)
  3 giant cockroaches
  7 goblins
  5 hobgoblins
  4 jackals (D:2)
  A quokka (D:2)
  5 ball pythons
  6 bats
  3 frilled lizards (D:1)
  7 kobolds
  9 rats
56 creatures vanquished.

Notes
Turn   | Place    | Note
-------+----------+-------------------------------------------
     0 | D:1      | olourkin the Hill Orc Reaver began the quest for the Orb.
     0 | D:1      | Reached XP level 1. HP: 18/18 MP: 3/3
   110 | D:1      | Reached XP level 2. HP: 24/25 MP: 4/4
   283 | D:1      | Found Vureh's Book Boutique.
   421 | D:1      | Learned a level 2 spell: Blink
   481 | D:1      | Reached XP level 3. HP: 30/30 MP: 5/5
   690 | D:2      | Reached skill level 5 in Axes
   986 | D:2      | Reached XP level 4. HP: 32/37 MP: 6/6
  1146 | D:2      | Reached skill level 1 in Translocations
  1552 | D:3      | Found an iron altar of Okawaru.
  1638 | D:3      | Found a blossoming altar of Fedhas.
  1674 | D:3      | Noticed a scorpion
  1698 | D:3      | Succumbed to a scorpion's poison

Illustrated notes

Levels and vault maps discovered:
D:1:      minmay_arrival_four_houses, layout_rooms, serial_shops, shop
D:2:      cheibrodos_old_hovel, layout_basic
D:3:      layout_basic, okawaru_metal_pillars_3, fedhas_altar_2,
          uniq_crazy_yiuf_cottage

Skill      XL: |  1  2  3  4 |
---------------+-------------+-----
Axes           | 5 |  5.6
Translocations | 1 |  1.2
Fighting       | |  2.6
Dodging        | |  1.7
Spellcasting   | |  1.7
Conjurations   | |  3.2

Action                     |  1- 3 |  4- 6 || total
---------------------------+-------+-------++-------
  Melee: Hand axe          |   119 |    50 ||   169
         Punch             |     1 |       ||     1
  Throw: Stone             |       |     1 ||     1
    Use: Potion            |       |     2 ||     2
 Armour: Leather armour    |    79 |    11 ||    90
         Scale mail        |       |    12 ||    12
  Dodge: Dodged            |    68 |    22 ||    90

Table legend: (Time is in decaauts)
 A = Elapsed time spent in this place.
 B = Non-inter-level travel time spent in this place.
 C = Inter-level travel time spent in this place.
 D = Time resting spent in this place.
 E = Time spent auto-exploring this place.
 F = Levels seen in this place.
 G = Mean time per level.
                   A        B        C        D        E       F      G
               +--------+--------+--------+--------+--------+-----+--------+
         Total |   1707 |   1699 |      8 |    102 |   1165 |   3 |  569.0 |
       Dungeon |   1707 |   1699 |      8 |    102 |   1165 |   3 |  569.0 |
               +--------+--------+--------+--------+--------+-----+--------+

Top non-repeatable levels by time:
     D:2: 858 daAuts
     D:1: 560 daAuts
     D:3: 289 daAuts
